Map: Backwater LE

Players

NooooooooUse

  • Race: Terran Terran
  • League: Silver
  • Spawn Location: 11:00

CinDra - Winner!

  • Race: Zerg Zerg
  • League: Gold
  • Spawn Location: 5:00

VOD

Have the link to the VOD?

Description

Time

  • Played on: March 7, 2018, 10:28 p.m.
  • Length: 9:34
Show
View Real Time Build Order
Export as new Build Order

NooooooooUse Terran 

Build Orders: Reaper Expand 

Get SALT Encoding   

  12  0:01  SCV  
  13  0:17  SCV, Supply Depot  
  14  0:30  SCV  
  15  0:41  Barracks  
  15  0:42  SCV  
  16  0:46  Refinery  
  16  0:54  SCV  
  17  1:10  SCV  
  18  1:22  SCV  
  19  1:28  Reaper  
  20  1:33  Command Center  
  20  1:42  Orbital Command  
  20  1:55  Supply Depot  
  20  2:01  Reaper  
  21  2:09  SCV  
  22  2:22  Bunker  
  22  2:23  SCV  
  23  2:35  SCV  
  24  2:46  Orbital Command  
  24  2:47  SCV  
  25  2:56  Barracks Reactor, Barracks  
  25  2:57  Barracks  
  24  2:59  SCV  
  25  3:10  Factory  
  25  3:11  SCV  
  26  3:17  SCV  
  27  3:23  SCV  
  28  3:29  SCV  
  28  3:33  Marine  
  28  3:34  Marine  
  30  3:36  SCV  
  32  3:41  SCV  
  32  3:48  SCV  
  29  4:05  Barracks Tech Lab  
  29  4:06  Barracks Reactor, Marine x2  
  29  4:14  Starport, SCV  
  29  4:19  Command Center  
  29  4:26  Widow Mine  
  29  4:27  Marine x2  
  29  4:29  Marauder  
  35  4:33  SCV  
  36  4:45  SCV  
  37  4:48  Marine  
  37  4:49  Marine  
  39  4:56  Marine  
  39  4:57  Marauder  
  42  5:00  Marine  
  43  5:07  Factory Reactor  
  43  5:09  SCV  
  44  5:21  SCV  
  41  5:33  SCV  
  41  5:34  Marine x3  
  41  5:35  Marine  
  43  5:36  Orbital Command  
  43  5:37  Marauder  
  43  5:38  Medivac  
  48  5:46  SCV  
  50  5:52  Widow Mine x2, Marine x2  
  50  5:54  Orbital Command  
  55  5:58  SCV  
  56  6:15  Supply Depot x3  
  56  6:36  SCV, Marine x4  
  56  6:37  Marauder, SCV x2  
  56  6:38  Supply Depot  
  65  6:47  Engineering Bay  
  65  6:48  SCV, Engineering Bay  
  65  6:49  SCV x2  
  65  6:51  Stimpack  
  65  6:54  Marine x3  
  68  6:58  Marauder  
  68  6:59  Barracks  
  68  7:00  Refinery, SCV  
  68  7:01  SCV x2  
  76  7:04  Refinery, Marine  
  76  7:05  Refinery  
  77  7:12  Marine  
  77  7:13  SCV x2  
  80  7:17  SCV  
  80  7:20  Marauder  
  83  7:23  Supply Depot  
  83  7:25  SCV x2  
  85  7:42  SCV x3, Marine x5  
  93  7:46  Supply Depot x2  
  93  7:51  Supply Depot  
  93  7:55  SCV x3  
  96  8:00  Medivac  
  96  8:02  Medivac  
  100  8:07  SCV  
  100  8:08  SCV x2  
  103  8:18  Marauder, Marine  
  103  8:19  Barracks Tech Lab  
  106  8:22  Factory Tech Lab  
  106  8:27  Starport  
  106  8:39  Marauder  
  108  8:42  Marine  
  108  8:46  Supply Depot x2  
  109  8:52  Orbital Command  
  109  9:01  Marauder  
  108  9:02  Refinery  
  108  9:04  Refinery  
Show
View Real Time Build Order
Export as new Build Order

CinDra Zerg - Winner!

Build Orders: Hatch First 

Get SALT Encoding   

  12  0:01  Drone  
  13  0:12  Overlord  
  13  0:17  Drone  
  14  0:30  Drone  
  14  0:31  Drone  
  16  0:36  Drone  
  17  0:55  Hatchery, Drone  
  17  1:00  Drone  
  18  1:06  Extractor  
  17  1:15  Spawning Pool  
  17  1:18  Drone  
  17  1:24  Drone  
  18  1:31  Drone  
  19  1:38  Overlord  
  19  1:49  Drone  
  20  2:02  Queen  
  20  2:03  Zergling x2  
  23  2:08  Zergling x2  
  23  2:09  Queen  
  23  2:11  Drone  
  27  2:16  Metabolic Boost  
  27  2:19  Drone  
  27  2:57  Zergling x4  
  27  2:58  Zergling x2, Drone x3  
  33  3:07  Baneling Nest  
  33  3:11  Queen  
  34  3:12  Overlord  
  34  3:14  Hatchery  
  33  3:48  Zergling x18  
  42  4:04  Zergling x2  
  42  4:05  Zergling x2  
  44  4:24  Overlord x3  
  44  4:27  Pneumatized Carapace, Lair  
  44  4:28  Queen  
  45  4:42  Baneling  
  45  4:43  Baneling  
  45  4:49  Extractor  
  45  4:51  Drone x8  
  52  4:53  Extractor x2  
  52  4:59  Drone  
  51  5:00  Drone  
  51  5:06  Baneling x2  
  52  5:12  Queen  
  54  5:15  Drone x2  
  54  5:16  Drone  
  46  5:56  Drone x13  
  46  5:57  Drone  
  60  6:05  Centrifical Hooks  
  60  6:20  Nydus Network  
  60  6:24  Roach Warren, Drone x2  
  60  6:26  Drone  
  60  6:27  Drone x3, Overlord x3  
  60  6:28  Zergling x2  
  65  7:05  Roach x5  
  65  7:06  Roach x10  
  65  7:07  Evolution Chamber  
  94  7:10  Evolution Chamber  
  94  7:11  Roach x2  
  97  7:16  Overlord x2  
  97  7:34  Overlord x2  
  97  7:35  Drone  
  97  7:37  Roach x6  
  110  7:54  Roach x8  
  126  8:01  Overlord x2  
  126  8:02  Roach  
  126  8:04  Zergling x2  
  129  8:23  Roach x5  
  139  8:37  Nydus Canal  
  139  8:40  Roach x2  
  143  8:52  Drone x2  
Tags
 
Add a new tag
Caveats
  • Supply blocks, unpowered buildings, or Contaminate may cause inaccurate times.
  • Supply counts are checked every 10 seconds.